 Dungeon Crawl Stone Soup version 0.31.0-12-g77e489cdc1 (webtiles) character file.

Game seed: 8865880017533655237

150 Killerpretzel the Changeling (level 5, -9/34 HPs)
             Began as an Octopode Shapeshifter on Mar 6, 2024.
             Mangled by Edmund
             ... wielding a +2 flail of protection
              (15 damage)
             ... on level 4 of the Dungeon.
             The game lasted 00:03:10 (2492 turns).

Killerpretzel the Changeling (OpSh)                 Turns: 2492, Time: 00:03:10

Health: -9/34      AC:  1    Str: 16    XL:     5   Next: 32%
Magic:  5/5        EV: 14    Int: 12    God:
Gold:   166        SH:  0    Dex: 18    Spells: 4/4 levels left

rFire   . . .        e - +6 hand axe of the Unseen Realm {flame, +Blink rPois rC+ Str+2 Dex+5}
rCold   + . .        (no shield)
rNeg    . . .        (helmet currently unavailable)
rPois   +            (no amulet)
rElec   .            (no ring)
rCorr   .            (no ring)
SInv    .            (no ring)
Will    .....        (no ring)
Stlth   +++          (no ring)
HPRegen 0.25/turn    (no ring)
MPRegen 0.09/turn    (no ring)
                     (no ring)

%: no passive effects
@: beast-form
A: beast (slay +2), almost no armour, amphibious, 8 rings, camouflage 1,
gelatinous body 1, (nimble swimmer 1), tentacles
a: Begin Untransformation, Evoke Blink


You were on level 4 of the Dungeon.
You were a hulking beast.
You visited 1 branch of the dungeon, and saw 4 of its levels.

You collected 166 gold pieces.

Inventory:

Hand Weapons
 e - the +6 hand axe of the Unseen Realm (weapon) {flame, +Blink rPois rC+ Str+2 Dex+5}
   (You found it on level 2 of the Dungeon)

   Str+2:     It affects your strength (+2).
   Dex+5:     It affects your dexterity (+5).
   rC+:       It protects you from cold.
   rPois:     It protects you from poison +Blink: It lets you blink.
Jewellery
 l - a ring of fire
Talismans
 b - a beast talisman
 c - a flux talisman
Wands
 j - a wand of mindburst (25)
Scrolls
 f - 4 scrolls of noise
 h - a scroll of brand weapon
 i - 3 scrolls of identify
 k - a scroll of teleportation
Potions
 a - a potion of lignification
 d - 2 potions of might
 g - a potion of degeneration


   Skills:
 + Level 2.2 Fighting
 + Level 2.9 Dodging
 + Level 3.7 Unarmed Combat
 * Level 4.1 Shapeshifting


You had 4 spell levels left.
You didn't know any spells.
Your spell library contained the following spells:

 Spells                   Type           Power      Damage    Failure   Level
 Scorch                   Fire           0%         2d5       45%         2
 Flame Wave               Conj/Fire      0%         2d4       97%         4
 Summon Cactus Giant      Summ           0%         N/A       100%        6


Dungeon Overview and Level Annotations

Branches:
Dungeon (4/15)
 Temple: D:4-7

Altars:
Qazlal

Shops:
D:1 :

Annotations:
D:3 3 runed translucent doors, Killerpretzel's ghost, novice OpSh
D:4 Edmund


Innate Abilities, Weirdness & Mutations

You are a hulking beast.
Your limbs bulge with bestial killing power. (Slay +2)
You cannot wear most types of armour.
You are amphibious.
You can wear up to eight rings at the same time.
Your skin changes colour to match your surroundings (Stealth+).
Your rubbery body absorbs attacks. (AC +1, EV +1)
((You are camouflaged when in or above water. (Stealth+)))
You have tentacles for arms and can constrict up to eight enemies at once.


Message History

No target in view!
You now have 166 gold pieces (gained 11).
A black bear comes into view.
Edmund the Younger comes into view.
He is wielding a +2 flail of protection.
You hit Edmund but do no damage. You grab Edmund.
You squeeze Edmund, but do no damage. You constrict Edmund, but do no damage.
The black bear growls angrily.
Edmund says, "People think my brother is the best.
I think he's crazy."
Edmund hits you with a +2 flail of protection.
You slash Edmund! You burn Edmund. You squeeze Edmund, but do no damage.
Edmund is moderately wounded.
You constrict Edmund, but do no damage.
Edmund hits you with a +2 flail of protection!
You are too injured to fight recklessly!
You are too injured to fight recklessly!
You are too injured to fight recklessly!
You are too injured to fight recklessly!
You are too injured to fight recklessly!
There are monsters nearby!
You hit Edmund. You burn Edmund.
Edmund is moderately wounded.
You constrict Edmund, but do no damage.
Edmund hits you with a +2 flail of protection!
Edmund closely misses you. The black bear bites you. The black bear claws you.
* * * LOW HITPOINT WARNING * * *
The black bear closely misses you.
You hit Edmund. You burn Edmund. You squeeze Edmund.
Edmund is heavily wounded.
You hit the black bear. You burn the black bear.
You constrict Edmund, but do no damage. Edmund misses you.
The black bear bites you.
* * * LOW HITPOINT WARNING * * *
The black bear misses you. The black bear claws you.
* * * LOW HITPOINT WARNING * * *
You hit Edmund. You burn Edmund.
Edmund is heavily wounded.
You hit the black bear. You burn the black bear. You constrict Edmund.
Edmund hits you with a +2 flail of protection!
You die...
Edmund says, "That'll show my brother!"

## ...# #.# ##...
..###....
##.......
.##.......
#........
##....h@##
.......h.###
###.##.....######
##..........
##.........
#..###### ##.# #
#.## .# #..#
#.### ##.## #....


You could see Edmund and a black bear.

Vanquished Creatures
  2 orc wizards (D:2)
  3 gnolls (D:3)
  An adder (D:2)
  2 dart slugs
  A ribbon worm (D:2)
  2 orcs (D:2)
  5 bats
  9 endoplasms
  A giant cockroach (D:1)
  3 goblins (D:3)
  2 hobgoblins
  2 jackals (D:3)
  A quokka (D:4)
  3 frilled lizards
  11 kobolds
  6 rats
54 creatures vanquished.

Notes
Turn   | Place    | Note
-------+----------+-------------------------------------------
     0 | D:1      | Killerpretzel the Octopode Shapeshifter began the quest for
                  | the Orb.
     0 | D:1      | Reached XP level 1. HP: 13/13 MP: 1/1
   159 | D:1      | Reached XP level 2. HP: 17/18 MP: 2/2
   318 | D:1      | Found Kolaff's Book Boutique.
   738 | D:2      | Reached XP level 3. HP: 23/23 MP: 3/3
   743 | D:2      | Identified the +6 hand axe of the Unseen Realm {flame,
                  | +Blink rPois rC+ Str+2 Dex+5}
  1278 | D:2      | Reached XP level 4. HP: 18/29 MP: 4/4
  1391 | D:2      | Found a stormy altar of Qazlal.
  1863 | D:3      | Reached skill level 4 in Shapeshifting
  2027 | D:3      | Found a runed translucent gate.
  2027 | D:3      | Found a runed translucent gate.
  2027 | D:3      | Found a runed translucent gate.
  2032 | D:3      | Reached XP level 5. HP: 33/34 MP: 5/5
  2151 | D:3      | Noticed Killerpretzel's ghost (novice OpSh)
  2484 | D:4      | Noticed a black bear
  2485 | D:4      | Noticed Edmund
  2492 | D:4      | Mangled by Edmund

Illustrated notes

Levels and vault maps discovered:
D:1:      dpeg_arrival_ternary, layout_basic, serial_shops, shop,
          hangedman_glass_teeth, lexackson_kobold_supper
D:2:      layout_basic, basic_altar, nicolae_elevator_lobby_asterisk
D:3:      layout_loops_cross, gammafunk_ghost_necromancy,
          kennysheep_generic_room_9
D:4:      layout_layer_cave, uniq_edmund, uniq_eustachio

Skill      XL: |  1  2  3  4 |
---------------+-------------+-----
Fighting       | 2 |  2.2
Shapeshifting  | 4 |  4.1
Dodging        | |  2.9
Unarmed Combat | |  3.7

Action                     |  1- 3 |  4- 6 || total
---------------------------+-------+-------++-------
  Melee: Unarmed           |    32 |       ||    32
         Tentacles         |     6 |     4 ||    10
         Constrict         |     8 |     5 ||    13
         Hand axe          |    18 |    33 ||    51
    Use: Scroll            |       |     8 ||     8
   Stab: Sleeping          |    11 |     8 ||    19
         Distracted        |     1 |       ||     1
 Armour: Skin              |    13 |    22 ||    35
  Dodge: Dodged            |    27 |    12 ||    39
